 Dungeon Crawl Stone Soup version 0.29-a0-221-gceb61267dd (webtiles) character file.

Game seed: 867630429391739795

58 bande the Covered (level 4, -1/28 HPs)
             Began as a Gargoyle Fighter on Feb 27, 2022.
             Splashed by a jelly's acid (9 damage)
             ... on level 3 of the Dungeon.
             The game lasted 00:04:51 (2336 turns).

bande the Covered (Gargoyle Fighter)                Turns: 2336, Time: 00:04:51

Health: -1/28      AC:  8    Str: 20    XL:     4   Next: 2%
Magic:  4/4        EV:  9    Int:  8    God:
Gold:   108        SH:  4    Dex: 11    Spells: 3/3 levels left

rFire   . . .      SeeInvis .   a - +1 war axe
rCold   . . .      Faith    .   c - +0 buckler
rNeg    + . .      Spirit   .   b - +0 scale mail
rPois   ∞          Reflect  .   (no helmet)
rElec   +          Harm     .   (no cloak)
rCorr   .          Rampage  .   (no gloves)
Will    +....                   (no boots)
Stlth   ..........              (no amulet)
HPRegen 0.09/turn               f - ring of willpower
MPRegen 0.09/turn               (no ring)

@: corroded
A: sickness immunity, AC +3, negative energy resistance 1, electricity
resistance, torment resistance 1, petrification resistance, iridescent scales 1,
evolution 1
a: no special abilities


You were on level 3 of the Dungeon.
You visited 1 branch of the dungeon, and saw 3 of its levels.

You collected 108 gold pieces.

Inventory:

Hand Weapons
 a - a +1 war axe (weapon)
Armour
 b - a +0 scale mail (worn)
 c - a +0 buckler (worn)
Jewellery
 f - a ring of willpower (left hand)
Wands
 o - a wand of iceblast (13)
Scrolls
 e - a scroll of teleportation
 i - 5 scrolls of enchant weapon
Potions
 d - 2 potions of might
 h - a potion of heal wounds
 j - a potion of flight


   Skills:
 + Level 3.6 Fighting
 + Level 2.4 Axes
 + Level 4.0 Armour
 + Level 3.8 Shields
 * Level 0.2 Evocations


You had 3 spell levels left.
You didn't know any spells.
Your spell library was empty.

Dungeon Overview and Level Annotations

Branches:
Dungeon (3/15)

Altars:
Gozag
Hepliaklqana


Innate Abilities, Weirdness & Mutations

You are immune to sickness and miasma.
Your stone body is resilient. (AC +3)
You are immune to poison.
You resist negative energy. (rN+)
You are resistant to electric shocks. (rElec)
You are resistant to unholy torment.
You are immune to petrification.
You are partially covered in iridescent scales. (AC +2)
You have hidden genetic potential.


Message History

l - a scroll labelled RAUBONNUVA You see here a +0 robe.
As you read the scroll labelled RAUBONNUVA, it crumbles to dust.
It is a scroll of amnesia.
You feel forgetful for a moment.
As you read the scroll of identify, it crumbles to dust.
k - a potion of mutation Really quaff the potion of mutation?
You feel extremely strange.
You feel a hidden potential growing inside you.
Iridescent scales grow over part of your body.
Found a stone staircase leading up.
There is a stone staircase leading up here.
You see here a +0 robe.
A giant cockroach comes into view.
You barely miss the giant cockroach. The giant cockroach barely misses you.
The giant cockroach completely misses you.
You closely miss the giant cockroach.
The giant cockroach waves its antennae.
The giant cockroach barely misses you.
You slash the giant cockroach!
You kill the giant cockroach!
No target in view!
No target in view!
Found 21 stones.
Found a stone staircase leading down.
Found an opulent altar of Gozag.
A jelly comes into view.
The jelly quivers.
The jelly hits you but does no damage.
There is an opulent altar of Gozag here.
You slash the jelly!
Your hands burn!
The jelly is heavily wounded.
The jelly hits you. The acid corrodes you!
You are splashed with acid.
The jelly hits you but does no damage.
You hit the jelly.
Your hands burn!
The jelly is severely wounded.
The jelly hits you.
* * * LOW HITPOINT WARNING * * *
The acid corrodes you!
You are splashed with acid!
You die...

####.####
#.############
#............#
#######.######
#.........#
#.###.###.#
#.....#
..#.#.....#.###
.......@.......
..#.#..J..#.###
#.#.....#.# #
###.### # ...
#.# ..# ###


You could see a jelly.

Vanquished Creatures
  A gnoll (D:1)
  2 worms (D:2)
  2 dart slugs
  6 bats
  4 endoplasms
  4 giant cockroaches
  3 hobgoblins (D:2)
  A quokka (D:3)
  A ball python (D:1)
  2 frilled lizards
  4 goblins
  4 kobolds
  3 rats
37 creatures vanquished.

Notes
Turn   | Place    | Note
-------+----------+-------------------------------------------
     0 | D:1      | bande the Gargoyle Fighter began the quest for the Orb.
     0 | D:1      | Reached XP level 1. HP: 14/14 MP: 1/1
   475 | D:1      | Reached XP level 2. HP: 19/19 MP: 2/2
   871 | D:1      | Reached XP level 3. HP: 11/23 MP: 3/3
  1817 | D:2      | Found a hazy altar of Hepliaklqana.
  1919 | D:2      | Reached skill level 4 in Armour
  2230 | D:3      | Reached XP level 4. HP: 28/28 MP: 4/4
  2240 | D:3      | Gained mutation: You have hidden genetic potential. [potion
                  | of mutation]
  2240 | D:3      | Gained mutation: You are partially covered in iridescent
                  | scales. (AC +2) [potion of mutation]
  2327 | D:3      | Found an opulent altar of Gozag.
  2336 | D:3      | Splashed by a jelly's acid

Illustrated notes

Levels and vault maps discovered:
D:1:      doesnt_arrival_eight_statues, layout_basic
D:2:      layout_rooms, basic_altar
D:3:      minmay_goblin_kobold_castle, layout_loops_ring,
          nicolae_overflow_crystal_walls

Skill      XL: |  1  2  3 |
---------------+----------+-----
Axes           | 2 |  2.4
Armour         | 4 |  4.0
Fighting       | |  3.6
Shields        | |  3.8
Evocations     | |  0.2

Action                   |  1- 3 |  4- 6 || total
-------------------------+-------+-------++-------
Melee: War axe           |    85 |     5 ||    90
  Use: Scroll            |     9 |     2 ||    11
       Potion            |       |     1 ||     1
Armor: Scale mail        |    43 |     2 ||    45
Dodge: Dodged            |    34 |     3 ||    37
Block: Buckler           |    23 |       ||    23

Table legend: (Time is in decaauts)
 A = Elapsed time spent in this place.
 B = Non-inter-level travel time spent in this place.
 C = Inter-level travel time spent in this place.
 D = Time resting spent in this place.
 E = Time spent auto-exploring this place.
 F = Levels seen in this place.
 G = Mean time per level.
                   A        B        C        D        E       F      G
               +--------+--------+--------+--------+--------+-----+--------+
         Total |   2374 |   2374 |      0 |    705 |   1254 |   3 |  791.3 |
       Dungeon |   2374 |   2374 |      0 |    705 |   1254 |   3 |  791.3 |
               +--------+--------+--------+--------+--------+-----+--------+

Top non-repeatable levels by time:
     D:1: 1606 daAuts
     D:2: 655 daAuts
     D:3: 112 daAuts
